 Dungeon Crawl Stone Soup version 0.26.0-90-g5fd8617961 (webtiles) character file.

Game seed: 6554062459176079703

117 Gadfly the Cudgeller (level 5, -2/50 HPs)
             Began as an Ogre Gladiator on Feb 3, 2021.
             Slain by a bullfrog (6 damage)
             ... on level 3 of the Dungeon.
             The game lasted 00:03:25 (3226 turns).

Gadfly the Cudgeller (Ogre Gladiator)               Turns: 3226, Time: 00:03:26

Health: -2/50      AC:  4    Str: 19    XL:     5   Next: 1%
Magic:  6/6        EV: 10    Int:  9    God:
Gold:   139        SH:  0    Dex: 10    Spells: 4/4 levels left

rFire    . . .     SeeInvis .   a - +0 flail
rCold    . . .     Faith    .   (no shield)
rNeg     . . .     Spirit   .   b - +0 robe
rPois    .         Reflect  .   c - +1 hat
rElec    .         Harm     .   (no cloak)
rCorr    +         Rampage  .   (gloves unavailable)
Will     .....                  (boots unavailable)
Stlth    +.........             (no amulet)
HPRegen  0.16/turn              m - ring of resist corrosion
MPRegen  0.10/turn              (no ring)

@: no status effects
A: large, unfitting armour, tough skin 1
a: no special abilities


You were on level 3 of the Dungeon.
You visited 1 branch of the dungeon, and saw 4 of its levels.

You collected 139 gold pieces.

Inventory:

Hand Weapons
 a - a +0 flail (weapon)
Missiles
 d - 3 throwing nets (quivered)
 h - 154 stones
 k - 2 boomerangs
Armour
 b - a +0 robe (worn)
 c - a +1 hat (worn)
Jewellery
 m - a ring of resist corrosion (left hand)
Scrolls
 f - 2 scrolls of remove curse
Potions
 e - a potion of curing {unknown}
 g - 2 potions of might
 i - a potion of lignification
 j - a potion of cancellation {unknown}
 l - a potion of magic {unknown}


   Skills:
 - Level 2.6 Fighting
 + Level 3.0 Maces & Flails
 + Level 2.5 Throwing
 * Level 1.6 Armour
 - Level 2.6 Dodging
 * Level 2.2 Invocations
 * Level 1.5 Evocations


You had 4 spell levels left.
You didn't know any spells.
Your spell library was empty.

Dungeon Overview and Level Annotations

Branches:
Dungeon (4/15)
 Temple: D:4-7

Altars:
Yredelemnul

Annotations:
D:4 Menkaure


Innate Abilities, Weirdness & Mutations

You are too large for most types of armour.
You have tough skin. (AC +1)


Message History

The bullfrog is caught in the net!
The bullfrog is lightly wounded.
The bullfrog struggles against the net.
You hit the bullfrog but do no damage.
The bullfrog is lightly wounded.
The bullfrog struggles against the net. x2
The net rips apart, and the bullfrog comes free!
You hit the bullfrog.
The bullfrog is moderately wounded.
The bullfrog hits you.
* * * LOW HITPOINT WARNING * * *
The bullfrog barely misses you.
You miss the bullfrog.
The bullfrog is moderately wounded.
The bullfrog hits you.
* * * LOW HITPOINT WARNING * * *
You barely miss the bullfrog.
The bullfrog is moderately wounded.
The bullfrog hits you.
You die...

.# #.# ####.## #.#
#.. .# #.# #.# #.#
#.# .# ##.########
#.# #.###.#
.#######.........#
#.# #......
......#.....####.#
#.# #####<#
#####........# #.#
#.# #.#
####..##.###.####.#
#..
#..##..........#
###
#.......F@######
#........>#
##.######## #.# #.#
#.######## ###
#########........#
#..
..........######.#
#.# #..##))......#
#.# #..


You could see a bullfrog.

Vanquished Creatures
  3 adders
  An ooze (D:3)
  A worm (D:3)
  A dart slug (D:3)
  4 orcs
  9 bats
  3 giant cockroaches
  10 goblins
  14 hobgoblins
  6 jackals
  3 kobolds (D:1)
  2 quokkas
  3 frilled lizards (D:1)
  8 rats
68 creatures vanquished.

Notes
Turn   | Place    | Note
-------+----------+-------------------------------------------
     0 | D:1      | Gadfly the Ogre Gladiator began the quest for the Orb.
     0 | D:1      | Reached XP level 1. HP: 22/22 MP: 1/1
    73 | D:1      | Reached XP level 2. HP: 13/29 MP: 2/2
   441 | D:1      | Reached skill level 1 in Invocations
   538 | D:1      | Reached skill level 1 in Armour
   622 | D:1      | Reached XP level 3. HP: 27/36 MP: 3/3
  1175 | D:2      | Reached skill level 1 in Evocations
  1824 | D:3      | Reached XP level 4. HP: 32/44 MP: 5/5
  2699 | D:3      | Found a basalt altar of Yredelemnul.
  2871 | D:3      | Reached skill level 3 in Maces & Flails
  2919 | D:3      | Reached XP level 5. HP: 25/50 MP: 6/6
  3199 | D:4      | Noticed Menkaure
  3226 | D:3      | Slain by a bullfrog

Illustrated notes

Levels and vault maps discovered:
D:1:      amcnicky_arrival_choice, layout_loops_ring
D:2:      layout_basic, hex_medium
D:3:      layout_loops_corners, lemuel_statue_altar
D:4:      lemuel_castle_with_subvaults [lemuel_castle_interior_original],
          layout_loops_cross, nicolae_overflow_hidden_temple,
          lemuel_doored_altar, roderic_lattice_a, uniq_menkaure, uniq_eustachio,
          uniq_crazy_yiuf_cottage

Skill      XL: |  1  2  3  4 |
---------------+-------------+-----
Invocations    | 1 2 |  2.2
Armour         | 1 |  1.6
Evocations     | 1 |  1.5
Maces & Flails | 3 |  3.0
Fighting       | |  2.6
Throwing       | |  2.5
Dodging        | |  2.6

Action                   |  1- 3 |  4- 6 || total
-------------------------+-------+-------++-------
Melee: Flail             |   126 |   110 ||   236
Throw: Stone             |     8 |     3 ||    11
       Throwing net      |       |     1 ||     1
  Use: Scroll            |     5 |     1 ||     6
       Potion            |     3 |       ||     3
 Stab: Sleeping          |     1 |       ||     1
Armor: Robe              |    54 |    50 ||   104
Dodge: Dodged            |    75 |    69 ||   144
